 Dungeon Crawl Stone Soup version 0.30-a0-578-gdee14c521f (webtiles) character file.

Game seed: 13800214277717319895

184 OTABOTABOTAB the Insei (level 5, -2/34 HPs)
             Began as an Octopode Transmuter on Dec 31, 2022.
             Killed by divine providence
             ... invoked by an orc priest
              (16 damage)
             ... on level 4 of the Dungeon.
             The game lasted 00:10:28 (3055 turns).

OTABOTABOTAB the Insei (Octopode Transmuter)        Turns: 3055, Time: 00:10:29

Health: -2/34      AC:  1    Str:  9    XL:     5   Next: 64%
Magic:  7/8        EV: 14    Int: 15    God:
Gold:   210        SH:  0    Dex: 15    Spells: 4/8 levels left

rFire   . . .      SeeInvis .      - Unarmed
rCold   . . .      Faith    .    (no shield)
rNeg    . . .      Spirit   .    (helmet currently unavailable)
rPois   .          Reflect  .    (no amulet)
rElec   .          Harm     .    (no ring)
rCorr   .          Rampage  .    (no ring)
Will    .....                    (no ring)
Stlth   ++                       (no ring)
HPRegen 0.25/turn                (no ring)
MPRegen 0.11/turn                (no ring)
                                 (no ring)
                                 (no ring)

@: appendages (expiring)
A: tentacle spike 3, almost no armour, amphibious, 8 rings, camouflage 1,
gelatinous body 1, (nimble swimmer 1), tentacles
a: End Transformation


You were on level 4 of the Dungeon.
One of your tentacles had grown a beastly spike.
You visited 1 branch of the dungeon, and saw 4 of its levels.

You collected 210 gold pieces.

Inventory:

Missiles
 f - 10 poisoned darts
 n - 3 boomerangs
 o - 5 javelins
 s - 19 stones
Wands
 e - a wand of charming (12)
   (You found it on level 3 of the Dungeon)
Scrolls
 a - 2 scrolls of fear {unknown}
 b - a scroll of magic mapping {unknown}
 c - 2 scrolls of immolation {unknown}
 d - 2 scrolls of identify {unknown}
 g - a scroll of silence {unknown}
 h - 2 scrolls of teleportation {unknown}
 j - a scroll of enchant armour {unknown}
 k - a scroll of blinking {unknown}
Potions
 i - a potion of flight {unknown}
 l - a potion of magic {unknown}
 m - a potion of cancellation
 p - a potion of mutation {unknown}
 q - a potion of ambrosia {unknown}
 P - 2 potions of lignification {!q}


   Skills:
 + Level 2.0 Fighting
 + Level 1.5 Throwing
 + Level 2.9 Dodging
 + Level 4.2 Unarmed Combat
 - Level 2.2 Spellcasting
 - Level 2.2 Transmutations
 + Level 2.1 Poison Magic


You had 4 spell levels left.
You knew the following spells:

 Your Spells              Type           Power      Damage    Failure   Level
a - Beastly Appendage     Tmut           16%        N/A       9%          1
c - Spider Form           Tmut/Pois      8%         N/A       26%         3

Your spell library contained the following spells:

 Spells                   Type           Power      Damage    Failure   Level
 Wereblood                Tmut           8%         N/A       13%         2
 Slow                     Hex            4%         N/A       22%         1
 Confusing Touch          Hex            1%         N/A       54%         3
 Vampiric Draining        Necr           1%         2d6       54%         3
 Ice Form                 Ice/Tmut       5%         N/A       80%         4


Dungeon Overview and Level Annotations

Branches:
Dungeon (4/15)
 Temple: D:4-7

Altars:
Okawaru
Xom

Annotations:
D:3 2 transporters, drugrobin's ghost, amateur DgDe


Innate Abilities, Weirdness & Mutations

One of your tentacles has grown a beastly spike.
You cannot wear most types of armour.
You are amphibious.
You can wear up to eight rings at the same time.
Your skin changes colour to match your surroundings (Stealth+).
Your rubbery body absorbs attacks. (AC +1, EV +1)
((You are camouflaged when in or above water. (Stealth+)))
You have tentacles for arms and can constrict up to eight enemies at once.


Message History

Reactivating autopickup.
You feel a bit more experienced.
Your transformation is almost over.
Your Fighting skill increases to level 2!
Your tentacle spike disappears.
You start resting.
Things that are here:
a +0 dagger; a +0 robe; an orc corpse; Health restored: 34; MP restored: 8
p - a smoky cyan potion You now have 210 gold pieces (gained 18).
Items here: )) [[ †.
Things that are here:
a +0 dagger; a +0 robe; an orc corpse The gnoll shouts!
A quokka comes into view.
A quokka is nearby!
One of your tentacles grows a vicious spike.
You now have 7/8 mp.
You barely miss the quokka. You grab the quokka.
You pierce the quokka, but do no damage.
You squeeze the quokka.
You constrict the quokka, but do no damage.
The quokka closely misses you.
You tentacle-slap the quokka.
You pierce the quokka.
You kill the quokka!
No target in view!
Your tentacle spike disappears.
Okay, then.
Partly explored, unvisited transporter.
MP restored: 8 Partly explored, unvisited transporter.
No target in view!
Partly explored, unvisited transporter.
Partly explored, unvisited transporter.
Okay, then.
Partly explored, unvisited transporter.
Partly explored, unvisited transporter.
Unknown command.
Partly explored, unvisited transporter.
Partly explored, unvisited transporter.
Partly explored, unvisited transporter.
(D) Dungeon
Where to? (Enter - D:3, ? - help)
Okay, then.
Unknown command.
Partly explored, unvisited transporter.
Partly explored, unvisited transporter.
Partly explored, unvisited transporter.
(D) Dungeon
Where to? (Enter - D:3, ? - help)
There is a stone staircase leading down here.
You climb downwards.
There is a stone staircase leading up here.
An adder is nearby!
One of your tentacles grows a vicious spike.
You now have 7/8 mp.
The helpless adder fails to defend itself.
You tentacle-slap the adder. You grab the adder. You constrict the adder.
The adder barely misses you. The adder completely misses you.
Unknown command.
You tentacle-slap the adder. You constrict the adder. The adder bites you.
You take 4 damage, and have 30/34 hp.
You tentacle-slap the adder but do no damage.
You squeeze the adder.
You kill the adder!
No target in view!
No target in view!
Your tentacle spike disappears.
There is a stone staircase leading up here.
q - a fizzy grey potion Health restored: 34; MP restored: 8 An orc priest and an orc come into view.
The orc is wielding a +1 heavy hand axe.
The orc moves out of view.
An orc priest comes into view. It is wielding a +0 hand axe.
One of your tentacles grows a vicious spike.
The orc priest shouts!
You hear a shout!
The orc priest shouts!
An orc comes into view. It is wielding a +0 hand axe.
You now have 7/8 mp.
The orc priest hits you with a +0 hand axe.
You take 5 damage, and have 29/34 hp.
You closely miss the orc priest. You grab the orc priest.
You pierce the orc priest.
You squeeze the orc priest. You constrict the orc priest.
The orc priest barely misses you.
Unknown command.
You tentacle-slap the orc priest.
You pierce the orc priest, but do no damage.
You constrict the orc priest.
The orc priest calls down the wrath of Beogh upon you.
Beogh smites you!
A goblin comes into view. It is wielding a +0 club.
The goblin shouts!
You hear a shout!
You take 16 damage, and have 13/34 hp.
MASSIVE DAMAGE!!
You release your grip on the orc priest.
Your transformation is almost over.
The orc priest begins to cast a cantrip, but forgets the words!
The orc priest mumbles some strange prayers to Beogh against you.
Beogh smites you!
You die...

..#. ..# ..g #o#
#o# #o# #o# #.#
######@########
...............###
#######.######.#..
#.# #.#.# #.#
#.#.# #.# #.#.#
#.######.#.###
.#.......<..†#
#.######...#.#


You could see 2 orc priests, 2 orcs and a goblin.

Vanquished Creatures
  3 orc wizards (D:3)
  3 adders
  2 worms
  A dart slug (D:3)
  4 orcs (D:3)
  4 ball pythons
  7 endoplasms
  4 giant cockroaches
  3 goblins
  4 hobgoblins
  5 jackals
  5 quokkas
  2 bats (D:1)
  2 frilled lizards
  7 kobolds
  9 rats
65 creatures vanquished.

Vanquished Creatures (others)
  6 plants (D:3)
6 creatures vanquished.

Grand Total: 71 creatures vanquished

Notes
Turn   | Place    | Note
-------+----------+-------------------------------------------
     0 | D:1      | OTABOTABOTAB the Octopode Transmuter began the quest for
                  | the Orb.
     0 | D:1      | Reached XP level 1. HP: 13/13 MP: 3/3
   222 | D:1      | Reached XP level 2. HP: 12/18 MP: 3/5
   836 | D:1      | Reached XP level 3. HP: 18/23 MP: 4/6
   858 | D:1      | Learned a level 3 spell: Spider Form
  1309 | D:2      | HP: 5/23 [poisoned by an adder]
  1577 | D:2      | Found a shimmering altar of Xom.
  2014 | D:3      | Reached skill level 1 in Poison Magic
  2053 | D:3      | Reached XP level 4. HP: 20/28 MP: 5/7
  2304 | D:3      | Found a transporter.
  2313 | D:3      | Noticed drugrobin's ghost (amateur DgDe)
  2326 | D:3      | Noticed a gnoll sergeant
  2338 | D:3      | Found a transporter.
  2461 | D:3      | Reached skill level 1 in Throwing
  2461 | D:3      | Reached skill level 4 in Unarmed Combat
  2581 | D:3      | Found an iron altar of Okawaru.
  2587 | D:3      | Reached XP level 5. HP: 25/33 MP: 6/8
  2757 | D:3      | Reached skill level 2 in Poison Magic
  2772 | D:3      | HP: 7/34 [something (3)]
  2776 | D:3      | Reached skill level 2 in Fighting
  3055 | D:4      | Killed from afar by an orc priest

Illustrated notes

Levels and vault maps discovered:
D:1:      minmay_arrival_four_loops, layout_basic
D:2:      minmay_general_purpose_star, layout_loops_ring, basic_altar
D:3:      layout_loops_ring, amcnicky_altar_gilded,
          gammafunk_ghost_gnarly_gnolls
D:4:      layout_loops_ring, temple_hall

Skill      XL: |  1  2  3  4  5 |
---------------+----------------+-----
Poison Magic   | 1 2 |  2.1
Throwing       | 1 |  1.5
Unarmed Combat | 4 |  4.2
Fighting       | 2 |  2.0
Dodging        | |  2.9
Spellcasting   | |  2.2
Transmutations | |  2.2

Action                   |  1- 3 |  4- 6 || total
-------------------------+-------+-------++-------
Melee: Unarmed           |    84 |    55 ||   139
       Kick              |    18 |    17 ||    35
       Constrict         |    15 |    14 ||    29
       Tentacles         |    12 |    16 ||    28
       Punch             |     3 |       ||     3
Throw: Stone             |     1 |       ||     1
 Cast: Beastly Appendage |    28 |    20 ||    48
 Abil: End Transformatio |    21 |    16 ||    37
  Use: Potion            |       |     1 ||     1
 Stab: Sleeping          |     6 |     3 ||     9
Armor: Skin              |     6 |       ||     6
Dodge: Dodged            |    35 |    27 ||    62

Table legend: (Time is in decaauts)
 A = Elapsed time spent in this place.
 B = Non-inter-level travel time spent in this place.
 C = Inter-level travel time spent in this place.
 D = Time resting spent in this place.
 E = Time spent auto-exploring this place.
 F = Levels seen in this place.
 G = Mean time per level.
                   A        B        C        D        E       F      G
               +--------+--------+--------+--------+--------+-----+--------+
         Total |   3043 |   2849 |    194 |    375 |   1957 |   4 |  760.8 |
       Dungeon |   3043 |   2849 |    194 |    375 |   1957 |   4 |  760.8 |
               +--------+--------+--------+--------+--------+-----+--------+

Top non-repeatable levels by time:
     D:3: 1104 daAuts
     D:1: 981 daAuts
     D:2: 912 daAuts
     D:4: 45 daAuts

Table legend:
 A = Kills in this place as a percentage of kills in entire the game.
 B = Kills by you in this place as a percentage of kills by you in the entire game.
 C = Kills by friends in this place as a percentage of kills by friends in the entire game.
 D = Other kills in this place as a percentage of other kills in the entire game.
 E = Experience gained in this place as a percentage of experience gained in the entire game.
 F = Experience gained in this place divided by the number of levels of this place that you have seen.
                   A       B       C       D       E      F
               +-------+-------+-------+-------+-------+----------------------
         Total | 100.0 | 100.0 |   N/A |   N/A | 100.0 |  66.0
       Dungeon | 100.0 | 100.0 |   N/A |   N/A | 100.0 |  66.0
               +-------+-------+-------+-------+-------+----------------------
